 Dungeon Crawl Stone Soup version 0.30-a0-1094-g860fb061e7 (webtiles) character file.

Game seed: 7944589238451479286

2550 ryw the Basher (level 9, -1/71 HPs)
             Began as a Mummy Fighter on Apr 17, 2023.
             Was a Believer of Okawaru.
             Slain by a white ugly thing (15 damage)
             ... on level 8 of the Dungeon.
             The game lasted 00:19:02 (8331 turns).

ryw the Basher (Mummy Fighter)                      Turns: 8331, Time: 00:19:03

Health: -1/71      AC: 15    Str: 23    XL:     9   Next: 30%
Magic:  6/9        EV: 11    Int:  7    God:    Okawaru [**....]
Gold:   160        SH: 10    Dex: 12    Spells: 8/8 levels left

rFire   x . .      SeeInvis .    j - +2 flail (heavy)
rCold   + . .      Faith    +    c - +0 buckler
rNeg    + + +      Spirit   .    b - +0 scale mail
rPois   ∞          Reflect  +    h - +2 hat
rElec   .          Rampage  .    (no cloak)
rCorr   .                        t - +2 pair of gloves
Will    +....                    q - +0 pair of boots
Stlth   +                        p - amulet of reflection
HPRegen 0.31/turn                d - ring of wizardry
MPRegen 0.11/turn                (no ring)

@: heroic
A: cold resistance 1, negative energy resistance 3, torment resistance 2, heat
vulnerability 1, in touch with death 1, no potions, faith
a: Renounce Religion, Heroism


You were on level 8 of the Dungeon.
You worshipped Okawaru.
Okawaru was pleased with you.
You visited 2 branches of the dungeon, and saw 9 of its levels.

You collected 370 gold pieces.
You spent 210 gold pieces at shops.

Inventory:

Hand Weapons
 j - a +2 heavy flail (weapon)
 s - a +2 mace of protection
Missiles
 l - 14 poisoned darts (quivered)
 n - a javelin
Armour
 b - a +0 scale mail (worn)
 c - a +0 buckler (worn)
 h - a +2 hat (worn)
 q - a +0 pair of boots (worn)
 r - a +1 helmet of intelligence
 t - a +2 pair of gloves (worn)
Jewellery
 d - a ring of wizardry (left hand)
 p - an amulet of reflection (around neck)
Wands
 a - a wand of light (8)
 g - a wand of flame (13)
 k - a wand of digging (9)
 m - a wand of charming (15)
Scrolls
 e - 3 scrolls of immolation
 f - 3 scrolls of blinking
 i - 8 scrolls of identify
 o - a scroll of fear


   Skills:
 + Level 6.7(11.7) Fighting
 * Level 8.0(13.0) Maces & Flails
 + Level 5.5(10.5) Armour
 - Level 2.4(7.4) Shields


You had 8 spell levels left.
You didn't know any spells.
Your spell library contained the following spells:

 Spells                   Type           Power      Damage    Failure   Level
 Magic Dart               Conj           0%         1d3       43%         1
 Mephitic Cloud           Conj/Pois/Air  0%         N/A       80%         3
 Alistair's Intoxication  Tmut/Pois      0%         N/A       100%        5
 Borgnjor's Vile Clutch   Necr/Erth      0%         N/A       100%        5
 Eringya's Noxious Bog    Tmut/Pois      0%         N/A       100%        6
 Call Imp                 Summ           Unusable   N/A       N/A         2

Dungeon Overview and Level Annotations

Branches:
Dungeon (8/15)             Temple (1/1) D:5
   Lair: D:8-11

Altars:
Ashenzari
Cheibriados
Fedhas
Gozag
Hepliaklqana
Kikubaaqudgha
Nemelex Xobeh
Okawaru
Qazlal
Ru
Trog
Uskayaw
Wu Jian
Xom
Yredelemnul

Shops:
D:3 [!=[!

Annotations:
D:2 1 runed translucent door, Crazy Yiuf
D:8 Amaemon


Innate Abilities, Weirdness & Mutations

You are immune to poison.
Your flesh is cold resistant. (rC+)
You are immune to negative energy. (rN+++)
You are immune to unholy pain and torment.
You are vulnerable to heat. (rF-)
You are in touch with the powers of death.
You do not drink.
You have a special connection with the divine. (Faith)


Message History

The white ugly thing is moderately wounded.
The white ugly thing closely misses you.
You hit the white ugly thing.
The white ugly thing is heavily wounded.
The white ugly thing pecks you but does no damage.
You closely miss the white ugly thing.
The white ugly thing is moderately wounded.
You barely miss the white ugly thing.
The white ugly thing is moderately wounded.
The white ugly thing pecks you but does no damage.
You hit the white ugly thing but do no damage.
The white ugly thing is moderately wounded.
You block the white ugly thing's attack.
You closely miss the white ugly thing.
The white ugly thing is moderately wounded.
The white ugly thing misses you.
You hit the white ugly thing.
The white ugly thing is moderately wounded.
The white ugly thing pecks you. The white ugly thing freezes you! You resist.
You hit the white ugly thing.
The white ugly thing is heavily wounded.
You feel like a meek peon again. The white ugly thing pecks you!
The white ugly thing freezes you! You resist.
You hit the white ugly thing.
The white ugly thing is heavily wounded.
The white ugly thing pecks you. The white ugly thing freezes you! You resist.
* * * LOW HITPOINT WARNING * * *
Your +2 mace of protection goes still.
j - a +2 heavy flail (weapon)
You gain the combat prowess of a mighty hero.
The white ugly thing pecks you but does no damage.
You barely miss the white ugly thing.
The white ugly thing is heavily wounded.
You block the white ugly thing's attack.
You sock the white ugly thing!
The white ugly thing is severely wounded.
The white ugly thing pecks you.
* * * LOW HITPOINT WARNING * * *
The white ugly thing freezes you! You resist.
You die...

.65# ##.# # #####
########## #...
###.....!... #T.
###....###....
#u###....###....##
......
#@#....###....###
#....#..
#....###....###
#.#..... #..###....###
#.#>##.# ####....###
###.#.##.# ###.)..###
....#.##!## ###....###
..........###....###
......##..#...#....#
............#####....#


You could see a white ugly thing and a troll.

Vanquished Creatures
  Prince Ribbit (D:6)
  3 yaks (D:8)
  A wraith (D:5)
  2 water moccasins
  3 black bears
  An ogre (D:6)
  Blork the orc (D:6)
  A kobold brigand (D:3)
  3 bullfrogs
  A scorpion (D:6)
  3 killer bees
  A vampire bat (D:4)
  A howler monkey (D:6)
  2 quasits (D:8)
  An orc priest (D:6)
  A hound (D:5)
  2 jellies
  2 sleepcaps
  Jessica (D:2)
  2 iguanas
  2 orc wizards (D:4)
  8 gnolls
  5 adders
  2 white imps (D:8)
  An ufetubus (D:7)
  3 worms
  14 orcs
  8 endoplasms
  5 giant cockroaches
  10 goblins
  5 hobgoblins
  3 jackals (D:1)
  15 kobolds
  6 quokkas
  8 ball pythons
  14 bats
  6 frilled lizards
  7 rats
155 creatures vanquished.

Vanquished Creatures (others)
  5 demonic plants (D:8)
  A plant (D:4)
6 creatures vanquished.

Grand Total: 161 creatures vanquished

Notes
Turn   | Place    | Note
-------+----------+-------------------------------------------
     0 | D:1      | ryw the Mummy Fighter began the quest for the Orb.
     0 | D:1      | Reached XP level 1. HP: 18/18 MP: 1/1
    62 | D:1      | Reached skill level 2 in Maces & Flails
   123 | D:1      | Reached XP level 2. HP: 24/24 MP: 2/2
   708 | D:1      | Gained mutation: You are in touch with the powers of death.
                  | [Mummy growth]
   708 | D:1      | Reached XP level 3. HP: 25/29 MP: 3/3
   813 | D:1      | Reached skill level 3 in Maces & Flails
  1268 | D:2      | Noticed Jessica
  1419 | D:3      | Found Qikilur's Armour Shoppe.
  1436 | D:3      | Found Jufuhuc's Distillery.
  1449 | D:3      | Noticed a kobold brigand
  1469 | D:3      | Found Odimod's Jewellery Shoppe.
  1472 | D:3      | Found Mize's Distillery.
  1480 | D:3      | Reached XP level 4. HP: 18/35 MP: 4/4
  1949 | D:3      | Found Garcho Jome's Antique Armour Shoppe.
  2518 | D:2      | Reached skill level 4 in Maces & Flails
  2583 | D:2      | Found a runed translucent door.
  2584 | D:2      | Noticed Crazy Yiuf
  2660 | D:2      | Found a faded altar of an unknown god.
  2719 | D:2      | Killed Jessica
  2720 | D:2      | Reached XP level 5. HP: 36/41 MP: 5/5
  3420 | D:4      | Reached XP level 6. HP: 48/48 MP: 6/6
  4009 | D:5      | Entered Level 5 of the Dungeon
  4188 | D:5      | Found a staircase to the Ecumenical Temple.
  4230 | Temple   | Entered the Ecumenical Temple
  4521 | Temple   | Became a worshipper of Warmaster Okawaru
  4631 | D:5      | Noticed a wraith
  4783 | D:4      | Reached skill level 5 in Maces & Flails
  4913 | D:5      | Reached XP level 7. HP: 53/55 MP: 7/7
  5203 | D:6      | Noticed Prince Ribbit
  5468 | D:7      | Noticed a two-headed ogre
  5509 | D:6      | Reached * piety under Okawaru
  5825 | D:6      | Reached skill level 5 in Fighting
  5825 | D:6      | Reached skill level 6 in Maces & Flails
  5893 | D:6      | Reached ** piety under Okawaru
  5894 | D:6      | Reached XP level 8. HP: 62/62 MP: 8/8
  6275 | D:6      | Noticed Blork the orc
  6351 | D:6      | Killed Blork the orc
  6441 | D:6      | Killed Prince Ribbit
  6472 | D:6      | Reached skill level 7 in Maces & Flails
  6818 | D:6      | Reached skill level 5 in Armour
  7147 | D:7      | Reached *** piety under Okawaru
  7148 | D:7      | Reached XP level 9. HP: 13/70 MP: 9/9
  7772 | D:3      | Bought a shiny helmet for 210 gold pieces
  7959 | D:8      | Noticed Amaemon
  7959 | D:8      | Noticed an orange demon
  8062 | D:8      | Reached skill level 8 in Maces & Flails
  8313 | D:8      | Noticed a white ugly thing
  8313 | D:8      | Noticed a troll
  8331 | D:8      | Slain by a white ugly thing

Illustrated notes

Levels and vault maps discovered:
D:1:      dpeg_arrival_pond, layout_basic
D:2:      layout_basic, hellmonk_ecumenical_altar_slurped_away,
          wad_floor_pattern_1, uniq_jessica, uniq_crazy_yiuf_cottage
D:3:      cheibrodos_thug_alley, layout_basic, serial_shops, shop, shop,
          nicolae_shop_industrial_runoff, nicolae_shop_crystal, shop
D:4:      layout_gridville, serial_bayou_pond_b, roderic_batcave
D:5:      layout_basic, minmay_temple_entry_mist, serial_co_window_serial,
          co_window_cross_1, co_window_corner_a, co_window_corner_a,
          co_window_corner_a, co_window_paths_a, co_window_unsneaky_path_d,
          co_window_cross_4, co_window_corner_b, co_window_2corner,
          co_window_2corner, co_window_paths_e, glass_columns_c,
          glass_columns_b, glass_columns_c, glass_columns_c, glass_columns_a
D:6:      layout_cave_pools, minmay_hedge_maze, minmay_misc_feat_chi,
          hangedman_decor_slide_cut, uniq_blork_the_orc, uniq_prince_ribbit1
D:7:      layout_rooms, gammafunk_ghost_smash, kennysheep_generic_room_12
D:8:      minmay_tri_box, layout_loops_ring, serial_demonic, serial_demonic_e,
          serial_demonic_c, serial_demonic_a, serial_demonic_g, uniq_amaemon
Temple:   mainiacjoe_temple_big_plus

Skill      XL: |  1  2  3  4  5  6  7  8  9 |
---------------+----------------------------+-----
Maces & Flails | 2 3 4 5 6 7 8 |  8.0
Armour         | 3 4 5 |  5.5
Fighting       | 4 5 6 |  6.7
Shields        | |  2.4

Action                     |  1- 3 |  4- 6 |  7- 9 || total
---------------------------+-------+-------+-------++-------
  Melee: Flail             |   182 |   215 |   154 ||   551
         Mace              |       |       |   118 ||   118
  Throw: Dart              |       |     3 |    18 ||    21
         Javelin           |       |     2 |     1 ||     3
 Invoke: Heroism           |       |       |    10 ||    10
    Use: Scroll            |     2 |     4 |     5 ||    11
 Armour: Scale mail        |    95 |   164 |   165 ||   424
  Dodge: Dodged            |    97 |   130 |   154 ||   381
  Block: Buckler           |    43 |    68 |   181 ||   292
         Reflection        |       |       |     1 ||     1

Table legend: (Time is in decaauts)
 A = Elapsed time spent in this place.
 B = Non-inter-level travel time spent in this place.
 C = Inter-level travel time spent in this place.
 D = Time resting spent in this place.
 E = Time spent auto-exploring this place.
 F = Levels seen in this place.
 G = Mean time per level.
                   A        B        C        D        E       F      G
               +--------+--------+--------+--------+--------+-----+--------+
         Total |   8537 |   7857 |    680 |   1561 |   4260 |   9 |  948.6 |
       Dungeon |   8223 |   7588 |    635 |   1561 |   3998 |   8 | 1027.9 |
        Temple |    313 |    268 |     45 |      0 |    262 |   1 |  313.0 |
               +--------+--------+--------+--------+--------+-----+--------+

Top non-repeatable levels by time:
     D:3: 1835 daAuts
     D:6: 1674 daAuts
     D:1: 1079 daAuts
     D:5: 1031 daAuts
     D:2: 846 daAuts
     D:7: 807 daAuts
     D:4: 749 daAuts
  Temple: 313 daAuts
     D:8: 199 daAuts
